 Dungeon Crawl Stone Soup version 0.27.0-1-g7a089689b8 (webtiles) character file.

Game seed: 1165760905606426402

10509 gimp the Severer (level 11, -1/138 HPs)
             Began as a Minotaur Berserker on Aug 2, 2021.
             Was a High Priest of Trog.
             Splashed by an acid dragon's acid (11 damage)
             ... on level 13 of the Dungeon.
             The game lasted 00:23:24 (12653 turns).

gimp the Severer (Minotaur Berserker)              Turns: 12653, Time: 00:23:25

Health: -1/138     AC: 11    Str: 25    XL:     11   Next: 37%
Magic:  0/10       EV: 10    Int:  4    God:    Trog [*****.]
Gold:   52         SH:  3    Dex: 10    Spells: 10/10 levels left

rFire    + . .     SeeInvis .   a - +1 war axe (elec)
rCold    + + .     Faith    .   E - +0 buckler
rNeg     . . .     Spirit   +   y - +0 scale mail {rC+}
rPois    .         Reflect  .   (helmet restricted)
rElec    .         Harm     .   z - +0 cloak
rCorr    .         Rampage  .   e - +0 pair of gloves
Will     ++...                  d - +0 pair of boots
Stlth    ..........             C - amulet of guardian spirit
HPRegen  1.33/turn              H - ring of protection from cold
MPRegen  0.12/turn              B - ring of Cheibriados's Delight {+Blink rF+}

@: berserking, strong-willed, regenerating, very quick
A: horns 2, retaliatory headbutt
a: Renounce Religion, Evoke Blink, Berserk, Trog's Hand, Brothers in Arms


You were on level 13 of the Dungeon.
You worshipped Trog.
Trog was extremely pleased with you.
You visited 2 branches of the dungeon, and saw 13 of its levels.

You collected 652 gold pieces.
You spent 600 gold pieces at shops.

Inventory:

Hand Weapons
 a - a +1 war axe of electrocution (weapon)
 b - a +2 war axe
Missiles
 p - 50 poisoned darts (quivered)
 I - 2 curare-tipped darts
Armour
 d - a +0 pair of boots (worn)
 e - a +0 pair of gloves (worn)
 u - a +0 plate armour
 y - a +0 scale mail of cold resistance (worn)
 z - a +0 cloak (worn)
 E - a +0 buckler (worn)
Jewellery
 B - the ring of Cheibriados's Delight (right hand) {+Blink rF+}
   (You bought it in a shop on level 5 of the Dungeon)

   [ring of protection from fire]

   rF:        It protects you from fire.
   +Blink:    It lets you blink.
 C - an amulet of guardian spirit (around neck)
 H - a ring of protection from cold (left hand)
 O - a ring of ice
 T - a ring of see invisible
Wands
 k - a wand of digging (6)
 l - a wand of flame (14)
 s - a wand of charming (5)
 N - a wand of iceblast (7)
Scrolls
 f - a scroll of immolation {unknown}
 g - a scroll of magic mapping {unknown}
 h - a scroll of holy word {unknown}
 i - 7 scrolls of identify {unknown}
 n - 3 scrolls of fog {unknown}
 q - 2 scrolls of noise {unknown}
 r - a scroll of blinking {unknown}
 A - a scroll of teleportation {unknown}
 F - 2 scrolls of amnesia {unknown}
 K - a scroll of enchant armour {unknown}
 M - 2 scrolls of fear {unknown}
 Q - a scroll of enchant weapon {unknown}
 S - 2 scrolls of acquirement {unknown}
Potions
 c - 3 potions of brilliance {unknown}
 j - 5 potions of curing
 m - 4 potions of flight {unknown}
 o - 2 potions of invisibility {unknown}
 t - 2 potions of heal wounds {unknown}
 v - 2 potions of lignification {unknown}
 w - 2 potions of cancellation {unknown}
 x - a potion of ambrosia {unknown}
 D - 2 potions of magic {unknown}
 G - a potion of berserk rage {unknown}
 J - 2 potions of degeneration {unknown}
 L - a potion of experience {unknown}
 P - a potion of attraction {unknown}
 U - a potion of haste {unknown}
Miscellaneous
 R - a lightning rod (4/4)


   Skills:
 * Level 7.5 Fighting
 - Level 18.0 Axes
 + Level 7.2 Armour
 - Level 2.1 Dodging
 + Level 1.6 Shields


You had 10 spell levels left.
You didn't know any spells.
Your spell library was empty.

Dungeon Overview and Level Annotations

Branches:
Dungeon (11/15)            Temple (1/1) D:6            Lair (0/6) D:9
    Orc (0/2) D:9

Altars:
Ashenzari
Cheibriados
Dithmenos
Elyvilon
Fedhas
Gozag
Hepliaklqana
Kikubaaqudgha
Makhleb
Nemelex Xobeh
Okawaru
Qazlal
Ru
Sif Muna
Trog
Uskayaw
Vehumet
Wu Jian
Xom
Yredelemnul
Zin
The Shining One
Lugonu

Shops:
D:5 *   D:6 *   D:9 [

Annotations:
D:10 2 transporters, exclusion: obsidian statue


Innate Abilities, Weirdness & Mutations

You have a pair of horns on your head.
You reflexively headbutt those who attack you in melee.


Message History

The centaur warrior barely misses you. The centaur closely misses you.
The centaur barely misses you. The centaur warrior hits you.
* * * LOW HITPOINT WARNING * * *
The centaur warrior barely misses you. The centaur barely misses you.
The centaur kicks you but does no damage.
You now have 18/138 hp.
You slash the centaur warrior!
The centaur warrior is lightly wounded.
You slash the centaur! The centaur warrior hits you.
* * * LOW HITPOINT WARNING * * *
The centaur warrior kicks you but does no damage.
The centaur hits you but does no damage.
The centaur completely misses you.
You take 3 damage, and have 15/138 hp.
You hit the centaur warrior. You headbutt the centaur warrior!
The centaur warrior is heavily wounded.
You slash the centaur!
You hear a roar!
You barely miss the centaur warrior. You headbutt the centaur warrior!
The centaur warrior is severely wounded.
You barely miss the centaur.
The centaur warrior hits you but does no damage.
You block the centaur warrior's attack. The centaur hits you.
* * * LOW HITPOINT WARNING * * *
The centaur barely misses you.
An acid dragon comes into view.
You take 1 damage, and have 14/138 hp.
You now have 2/10 mp.
You hit the centaur warrior.
Lightning courses through the centaur warrior!!
You kill the centaur warrior!
Trog accepts your kill.
You hit the centaur.
You kill the centaur!
Trog accepts your kill.
Your Shields skill increases to level 1!
The acid dragon spits acid at you. The splash of acid hits you.
* * * LOW HITPOINT WARNING * * *
You are splashed with acid!
You die...

########################
.......)................
#.@..).............
#D####.......###... ...
#.......# #... #.#.
#.......# #... #P≈P
#.......# #... P
P≈P≈.#.......# #... .
P≈≈≈P.≈.......# #... #.
≈≈≈≈≈P........# #...
♣♣♣≈........# #...


You could see an acid dragon (catching breath).

Vanquished Creatures
  A centaur warrior (D:13)
  A two-headed ogre (D:11)
  Joseph (D:10)
  3 kobold demonologists
  4 trolls
  Prince Ribbit (D:5)
  A meliai zombie (D:10)
  A basilisk (D:10)
  5 yaks (D:9)
  An acid dragon (D:9)
  3 water moccasins
  Duvessa (D:5)
  3 sky beasts (D:6)
  An ice beast (D:6)
  8 orc warriors
  4 black bears
  An ogre (D:6)
  A necrophage (D:7)
  5 centaurs
  6 kobold brigands
  A scorpion (D:9)
  5 bullfrogs
  A gnoll sergeant (D:8)
  Dowan (D:5)
  A water moccasin skeleton (D:4)
  4 killer bees (D:6)
  13 wights
  6 howler monkeys
  6 crimson imps (D:8)
  7 orc priests
  4 centaur zombies
  A hound (D:6)
  3 centaur skeletons
  4 iguanas (D:6)
  A jelly (D:5)
  A bullfrog skeleton (D:5)
  Natasha (thrice) (D:2)
  5 orc wizards
  A hound skeleton (D:4)
  Robin (D:2)
  8 gnolls
  8 adders
  3 white imps (D:8)
  An ufetubus (D:7)
  2 dart slugs
  A worm (D:2)
  28 orcs
  3 bats
  3 endoplasms
  A giant cockroach (D:4)
  9 goblins
  11 hobgoblins
  8 jackals
  6 kobolds
  4 quokkas
  2 ball pythons (D:4)
  2 frilled lizards
  A rat (D:3)
  A spectral goblin (D:7)
223 creatures vanquished.

Vanquished Creatures (others)
  A fungus (D:9)
  12 plants
13 creatures vanquished.

Grand Total: 236 creatures vanquished

Notes
Turn   | Place    | Note
-------+----------+-------------------------------------------
     0 | D:1      | gimp the Minotaur Berserker began the quest for the Orb.
     0 | D:1      | Reached XP level 1. HP: 19/19 MP: 0/0
   603 | D:1      | Found a faded altar of an unknown god.
   611 | D:1      | Reached skill level 4 in Axes
   611 | D:1      | Reached XP level 2. HP: 27/27 MP: 1/1
  1006 | D:2      | Noticed Natasha
  1015 | D:2      | Killed Natasha
  1016 | D:2      | Reached XP level 3. HP: 33/33 MP: 2/2
  1077 | D:2      | Noticed Natasha
  1159 | D:2      | Killed Natasha
  1160 | D:2      | Reached skill level 5 in Axes
  1160 | D:2      | Reached XP level 4. HP: 41/41 MP: 3/3
  1391 | D:2      | Noticed Natasha
  1396 | D:2      | Killed Natasha
  1407 | D:2      | Reached ** piety under Trog
  1496 | D:2      | Noticed Robin
  1505 | D:2      | Reached XP level 5. HP: 47/47 MP: 4/4
  1512 | D:2      | Killed Robin
  1889 | D:3      | Found an opulent altar of Gozag.
  2225 | D:3      | Found a snail-covered altar of Cheibriados.
  2309 | D:3      | Reached skill level 6 in Axes
  2622 | D:4      | Reached skill level 5 in Fighting
  2713 | D:4      | Reached XP level 6. HP: 50/56 MP: 5/5
  2797 | D:4      | Found a glowing silver altar of Zin.
  2799 | D:4      | Found Zin's Purification Station.
  2805 | D:4      | Bought a potion of curing for 90 gold pieces
  2978 | D:4      | Reached *** piety under Trog
  3369 | D:4      | Found a basalt altar of Yredelemnul.
  3406 | D:5      | Entered Level 5 of the Dungeon
  3408 | D:5      | Noticed Duvessa
  3410 | D:5      | Noticed Dowan
  3426 | D:5      | Killed Duvessa
  3427 | D:5      | Reached skill level 7 in Axes
  3555 | D:5      | Killed Dowan
  3556 | D:5      | Reached skill level 5 in Armour
  3556 | D:5      | Reached XP level 7. HP: 33/62 MP: 6/6
  3779 | D:5      | Found Beacviet's Assorted Antiques.
  3844 | D:5      | Noticed Prince Ribbit
  3853 | D:5      | Killed Prince Ribbit
  3854 | D:5      | Reached skill level 8 in Axes
  4191 | D:5      | Reached XP level 8. HP: 66/71 MP: 7/7
  4325 | D:6      | Reached skill level 9 in Axes
  4556 | D:6      | Reached skill level 10 in Axes
  4808 | D:6      | Found Fithag's Gadget Gallery.
  4817 | D:6      | Reached skill level 11 in Axes
  4821 | D:6      | Reached XP level 9. HP: 79/79 MP: 8/8
  5100 | D:5      | Bought a transparent turquoise ring for 95 gold pieces
  5100 | D:5      | Identified the ring of Cheibriados's Delight {+Blink rF+}
                  | (You bought it in a shop on level 5 of the Dungeon)
  5178 | D:6      | Found a sacrificial altar of Ru.
  5288 | D:6      | Found a staircase to the Ecumenical Temple.
  5303 | Temple   | Entered the Ecumenical Temple
  6027 | D:7      | Reached skill level 12 in Axes
  6085 | D:7      | Found a hazy altar of Hepliaklqana.
  6177 | D:5      | Bought a buckler for 85 gold pieces
  6605 | D:7      | Noticed a troll
  6617 | D:7      | Killed a troll
  6994 | D:7      | Reached skill level 13 in Axes
  7561 | D:8      | Reached **** piety under Trog
  7930 | D:8      | Reached skill level 14 in Axes
  8470 | D:8      | Reached XP level 10. HP: 86/86 MP: 9/9
  8903 | D:8      | Reached skill level 15 in Axes
  9356 | D:9      | Found Osyocw's Armour Boutique.
  9356 | D:9      | Found a staircase to the Orcish Mines.
  9774 | D:9      | Reached ***** piety under Trog
  9936 | D:9      | Reached skill level 16 in Axes
 10005 | D:9      | Found an ancient bone altar of Kikubaaqudgha.
 10060 | D:9      | Found a staircase to the Lair.
 10208 | D:10     | Entered Level 10 of the Dungeon
 10281 | D:10     | Found a transporter.
 10284 | D:10     | Noticed a purple ugly thing
 10285 | D:10     | Found a transporter.
 10286 | D:10     | Found a corrupted altar of Lugonu.
 10286 | D:10     | Noticed a red ugly thing
 10387 | D:10     | Identified the +0 scale mail of Cloud Cover {Rampage MP-9
                  | Str-3 Int+8}
 10435 | D:10     | Noticed an obsidian statue
 10732 | D:10     | Noticed Joseph
 10746 | D:10     | Killed Joseph
 10839 | D:10     | Noticed a cyan very ugly thing
 10839 | D:10     | Noticed a brown ugly thing
 11035 | D:10     | Reached skill level 17 in Axes
 11641 | D:6      | Bought a lightning rod (4/4) for 330 gold pieces
 11920 | D:11     | Noticed a two-headed ogre
 11929 | D:11     | Killed a two-headed ogre
 11930 | D:11     | Reached XP level 11. HP: 92/92 MP: 6/10
 12468 | D:11     | You fall into a shaft and drop 2 floors!
 12482 | D:13     | Reached skill level 18 in Axes
 12642 | D:13     | Noticed a centaur warrior
 12652 | D:13     | Killed a centaur warrior
 12653 | D:13     | Reached skill level 1 in Shields
 12653 | D:13     | Splashed by an acid dragon's acid

Illustrated notes

Levels and vault maps discovered:
D:1:      lightli_arrival_chessboard, layout_basic, basic_ecumenical_altar
D:2:      layout_loops_cross, st_stairs_12, uniq_natasha, uniq_robin
D:3:      layout_basic, mainiacjoe_overflow_paths, lemuel_crystal_altar
D:4:      layout_basic, zin_purify, lemuel_coloured_pillars_altar
D:5:      black_bear_nest_1, layout_basic, serial_shops, shop, uniq_duvessa,
          uniq_prince_ribbit1
D:6:      minmay_inner_zag, layout_gridville,
          mainiacjoe_overflow_surrounded_room, minmay_temple_entry_large_hall,
          dk_noncrumbling_2, nicolae_shop_gadgets
D:7:      layout_basic, nicolae_hepliaklqana_monster_ancestors
D:8:      layout_loops_ring, grunt_decor_clamped, minmay_nine_imps
D:9:      layout_basic, mainiacjoe_overflow_alcove_2,
          grunt_lair_entry_orc_guard_hut, orc_david_3
D:10:     gammafunk_corrupted_shrine, layout_loops_corners, minivault_15,
          chequers_serial_rivers_micro_c, uniq_joseph
D:11:     layout_rooms, lightli_airlock
D:13:     layout_long_grid, grunt_vaults_entry_fortified, serial_bayou_lagoon_a,
          uniq_sonja, uniq_azrael, uniq_kirke
Temple:   regret_index_temple_generic_petals

Skill      XL: |  1  2  3  4  5  6  7  8  9 10 11 |
---------------+----------------------------------+-----
Axes           | 4 5 6 7 8 11 14 17 18 | 18.0
Fighting       | 4 5 6 7 |  7.5
Armour         | 3 4 5 6 7 |  7.2
Shields        | 1 |  1.6
Dodging        | |  2.1

Action                   |  1- 3 |  4- 6 |  7- 9 | 10-12 || total
-------------------------+-------+-------+-------+-------++-------
Melee: Hand axe          |    27 |   135 |   261 |       ||   423
       Headbutt          |       |    28 |    51 |    40 ||   119
       War axe           |       |       |    33 |   199 ||   232
Invok: Berserk           |     2 |     5 |    12 |    12 ||    31
       Trog's Hand       |       |     2 |     1 |     1 ||     4
Evoke: Wand              |       |       |     1 |       ||     1
 Stab: Sleeping          |     1 |     1 |       |       ||     2
Armor: Animal skin       |     6 |     5 |       |       ||    11
       Ring mail         |       |    10 |       |       ||    10
       Plate armour      |       |    59 |       |       ||    59
       Scale mail        |       |       |   133 |    70 ||   203
Dodge: Dodged            |    15 |    60 |   117 |    92 ||   284
Block: Buckler           |       |       |    10 |    21 ||    31
